 Dungeon Crawl Stone Soup version 0.27.1-34-g3ba077fa99 (webtiles) character file.

Game seed: 10624243577852377719

56 vvl the Skirmisher (level 3, -10/31 HPs)
             Began as a Draconian Fighter on Jan 22, 2022.
             Mangled by an ogre (27 damage)
             ... on level 2 of the Dungeon.
             The game lasted 00:02:09 (1583 turns).

vvl the Skirmisher (Draconian Fighter)              Turns: 1583, Time: 00:02:10

Health: -10/31     AC:  5    Str: 19    XL:     3   Next: 71%
Magic:  4/4        EV: 10    Int:  8    God:
Gold:   75         SH:  9    Dex: 10    Spells: 3/3 levels left

rFire    . . .     SeeInvis .   a - +0 war axe
rCold    . . .     Faith    .   b - +0 kite shield
rNeg     . . .     Spirit   .   (armour unavailable)
rPois    .         Reflect  .   (helmet restricted)
rElec    .         Harm     .   (no cloak)
rCorr    .         Rampage  .   (no gloves)
Will     .....                  (no boots)
Stlth    +.........             (no amulet)
HPRegen  0.10/turn              (no ring)
MPRegen  0.09/turn              (no ring)

@: no status effects
A: AC +5, unfitting armour, cold-blooded
a: no special abilities


You were on level 2 of the Dungeon.
You visited 1 branch of the dungeon, and saw 2 of its levels.

You collected 75 gold pieces.

Inventory:

Hand Weapons
 a - a +0 war axe (weapon)
 i - a +2 short sword of holy wrath
Missiles
 e - 14 bolts
Armour
 b - a +0 kite shield (worn)
Scrolls
 d - a scroll of identify {unknown}
 f - a scroll of enchant weapon {unknown}
 g - a scroll of teleportation {unknown}
Potions
 c - a potion of might
 h - 2 potions of curing {unknown}
 j - a potion of brilliance {unknown}


   Skills:
 + Level 3.6 Fighting
 + Level 2.4 Axes
 + Level 3.1 Dodging
 + Level 3.3 Shields
 + Level 0.8 Spellcasting
 + Level 0.0 Necromancy
 + Level 0.9 Transmutations
 + Level 0.8 Earth Magic


You had 3 spell levels left.
You didn't know any spells.
Your spell library contained the following spells:

 Spells                   Type           Power      Damage    Failure   Level
 Animate Skeleton         Necr           0%         N/A       88%         1
 Apportation              Tloc           0%         N/A       88%         1
 Corona                   Hex            0%         N/A       88%         1
 Summon Small Mammal      Summ           0%         N/A       88%         1


Dungeon Overview and Level Annotations

Branches:
Dungeon (2/15)

Altars:


Innate Abilities, Weirdness & Mutations

Your plain brown scales are hard. (AC +5)
You cannot fit into any form of body armour.
You are cold-blooded and may be slowed by cold attacks.


Message History

The hobgoblin hits you but does no damage.
You slash the hobgoblin!
You kill the hobgoblin!
The ball python bites you. The ball python closely misses you.
Your shield prevents you from hitting the ball python.
The ball python barely misses you. The ball python closely misses you.
You block the ball python's attack. x2
You barely miss the ball python.
The ball python bites you but does no damage.
The ball python grabs you. The ball python constricts you.
You block the ball python's attack. The ball python constricts you.
You slash the ball python!
You kill the ball python!
No target in view!
No target in view!
No target in view!
You see here a ball python corpse.
You enter the shallow water.
Moving in this stuff is going to be slow.
As you open the door, it creaks loudly!
There is an open door here.
As you open the door, it creaks loudly!
A goblin and an ogre come into view.
The ogre shouts!
The goblin shouts!
The goblin moves out of view.
An ogre is nearby!
An ogre is nearby!
An ogre is nearby!
An ogre is nearby!
Found a scroll labelled BOPSOZ LAUHISS and 2 gold pieces.
There is an open door here.
The ogre misses you.
You hit the ogre but do no damage.
You tail-slap the ogre, but do no damage.
The ogre closely misses you.
You barely miss the ogre.
Your tail-slap misses the ogre.
The ogre hits you with a +0 giant club!
The ogre hits you with a +0 giant club!!
Ouch! That really hurt!
You die...

##################
.....gO@.'.^......
##8$###8?#........
###################'#######
#.........................##
≈≈≈≈≈≈≈≈≈≈≈≈≈≈≈≈≈≈≈≈≈≈≈≈≈≈≈#
≈≈≈†≈≈≈≈≈≈≈≈≈≈≈≈≈≈≈≈≈≈≈≈≈≈≈#
#.......†.................##
###.#######################
##†###..## ##..## #8.##


You could see an ogre and a goblin.

Vanquished Creatures
  A gnoll (D:1)
  A dart slug (D:1)
  6 endoplasms
  3 giant cockroaches
  5 goblins
  4 hobgoblins
  4 jackals (D:1)
  3 kobolds
  A quokka (D:2)
  3 ball pythons
  2 frilled lizards (D:1)
  6 rats
39 creatures vanquished.

Notes
Turn   | Place    | Note
-------+----------+-------------------------------------------
     0 | D:1      | vvl the Draconian Fighter began the quest for the Orb.
     0 | D:1      | Reached XP level 1. HP: 19/19 MP: 1/1
    74 | D:1      | Reached XP level 2. HP: 18/26 MP: 2/2
   474 | D:1      | Reached XP level 3. HP: 11/31 MP: 3/3
  1578 | D:2      | Noticed an ogre
  1583 | D:2      | Mangled by an ogre

Illustrated notes

Levels and vault maps discovered:
D:1:      minmay_arrival_hallway, layout_basic, serial_forest,
          infiniplex_forest_corner_2, infiniplex_forest_corner_2,
          infiniplex_forest_clump_small, infiniplex_forest_straight_3,
          infiniplex_forest_clump_diagonal, infiniplex_forest_lined_room_2,
          infiniplex_forest_clump_large, infiniplex_forest_end_2,
          chequers_serial_rivers_micro_c, chequers_hall_statues_wall_a,
          st_stairs_2, minmay_misc_feat_alley
D:2:      wad_river_or_something, layout_rooms, chequers_serial_rivers_micro_b

Skill      XL: |  1  2  3 |
---------------+----------+-----
Dodging        | 3 |  3.1
Fighting       | |  3.6
Axes           | |  2.4
Shields        | |  3.3
Spellcasting   | |  0.8
Transmutations | |  0.9
Earth Magic    | |  0.8

Action                   || total
-------------------------++-------
Melee: War axe           ||   109
       Tailslap          ||    13
 Stab: Sleeping          ||     1
Armor: Skin              ||    36
Dodge: Dodged            ||    54
Block: Kite shield       ||    54
